 Dungeon Crawl Stone Soup version 0.28.0-1-gb440e238dd (webtiles) character file.

Game seed: 391587657263916306

49 themarg the Conjurer (level 3, -2/19 HPs)
             Began as a Tengu Conjurer on Feb 22, 2022.
             Killed by divine providence
             ... invoked by an orc priest
              (15 damage)
             ... on level 3 of the Dungeon.
             The game lasted 00:04:29 (2162 turns).

themarg the Conjurer (Tengu Conjurer)               Turns: 2162, Time: 00:04:30

Health: -2/19      AC:  3    Str:  7    XL:     3   Next: 75%
Magic:  6/7        EV: 12    Int: 20    God:
Gold:   45         SH:  0    Dex: 12    Spells: 5/6 levels left

rFire   . . .      SeeInvis .   b - +2 dagger (vamp)
rCold   . . .      Faith    .   (no shield)
rNeg    . . .      Spirit   .   a - +0 robe
rPois   .          Reflect  .   (helmet restricted)
rElec   .          Harm     .   i - +0 cloak
rCorr   .          Rampage  .   (no gloves)
Will    .....                   (boots unavailable)
Stlth   ++........              (no amulet)
HPRegen 0.06/turn               (no ring)
MPRegen 0.10/turn               (no ring)

@: no status effects
A: beak, talons 3
a: no special abilities


You were on level 3 of the Dungeon.
You visited 1 branch of the dungeon, and saw 3 of its levels.

You collected 45 gold pieces.

Inventory:

Hand Weapons
 b - a +2 vampiric dagger (weapon)
Missiles
 g - 73 stones
Armour
 a - a +0 robe (worn)
 i - a +0 cloak (worn)
Wands
 k - a wand of paralysis (9)
Scrolls
 f - 4 scrolls of identify {unknown}
 h - a scroll of enchant weapon {unknown}
 l - a scroll of noise {unknown}
Potions
 c - a potion of haste {unknown}
 d - 2 potions of heal wounds {unknown}
 e - a potion of brilliance {unknown}
 j - a potion of curing {unknown}
 m - a potion of flight {unknown}


   Skills:
 + Level 0.2 Fighting
 + Level 2.5 Dodging
 + Level 2.0 Stealth
 + Level 2.2 Spellcasting
 + Level 6.6 Conjurations


You had 5 spell levels left.
You knew the following spells:

 Your Spells              Type           Power      Damage    Failure   Level
a - Magic Dart            Conj           100%       1d8       1%          1

Your spell library contained the following spells:

 Spells                   Type           Power      Damage    Failure   Level
 Searing Ray              Conj           56%        2d6       1%          2
 Dazzling Flash           Conj/Hex       30%        N/A       12%         3
 Fulminant Prism          Conj/Hex       7%         3d7       36%         4
 Iskenderun's Mystic Bla  Conj/Tloc      15%        2d5       36%         4


Dungeon Overview and Level Annotations

Branches:
Dungeon (3/15)

Altars:
Sif Muna


Innate Abilities, Weirdness & Mutations

You have a beak for a mouth.
You have claws for feet.


Message History

The orc shouts!
Casting: Magic Dart (safe; 1% risk of failure)
Confirm with . or Enter, or press ? or * to list all spells.
Aiming: Magic Dart (safe; 1% risk of failure)
Press: ? - help, Shift-Dir - straight line, f - orc
Aim: an orc, wielding a +0 short sword and wearing a +0 leather armour (100% to hit)
The magic dart hits the orc but does no damage.
Casting: Magic Dart (safe; 1% risk of failure)
Confirm with . or Enter, or press ? or * to list all spells.
Aiming: Magic Dart (safe; 1% risk of failure)
Press: ? - help, Shift-Dir - straight line, f/p - orc
Aim: an orc, wielding a +0 short sword and wearing a +0 leather armour (100% to hit)
The magic dart hits the orc but does no damage.
Casting: Magic Dart (safe; 1% risk of failure)
Confirm with . or Enter, or press ? or * to list all spells.
You don't know that spell.
Casting: Magic Dart (safe; 1% risk of failure)
Confirm with . or Enter, or press ? or * to list all spells.
You don't know that spell.
The orc closely misses you.
An orc priest comes into view. It is wielding a +0 mace.
The orc priest shouts!
You hit the orc but do no damage. You peck the orc, but do no damage.
You hear a shout!
The orc barely misses you.
You hear a shout!
You hit the orc. Your kick misses the orc. You peck the orc, but do no damage.
The orc is moderately wounded.
You hear a shout!
The orc closely misses you.
You closely miss the orc.
The orc is moderately wounded.
The orc hits you with a +0 short sword.
You barely miss the orc. Your kick misses the orc.
The orc is moderately wounded.
The orc hits you with a +0 short sword.
The orc priest calls down the wrath of Beogh upon you.
Beogh smites you!
Ouch! That really hurt!
You die...

#..### #....#
###^.... #....#
#....### #....#
###.##.# # #$...#
#......# #.
##############.###..#
###..#..............#
#.#
....................#
#.. #o.o@..........#
#.#
#....###############
#.# #.#. #....# .. #
#....# ####### #....#
....... #....# #####
#....# # #....# ### #
#....###.## #


You could see an orc priest and an orc.

Vanquished Creatures
  An adder (D:3)
  A ball python (D:2)
  3 endoplasms
  4 giant cockroaches
  3 goblins
  10 hobgoblins
  3 bats (D:1)
  3 frilled lizards
  2 kobolds (D:1)
  4 rats (D:2)
34 creatures vanquished.

Vanquished Creatures (others)
  2 plants (D:1)
  2 withered plants (D:1)
4 creatures vanquished.

Grand Total: 38 creatures vanquished

Notes
Turn   | Place    | Note
-------+----------+-------------------------------------------
     0 | D:1      | themarg the Tengu Conjurer began the quest for the Orb.
     0 | D:1      | Reached XP level 1. HP: 10/10 MP: 4/4
    93 | D:1      | Found a faded altar of an unknown god.
   219 | D:1      | Reached XP level 2. HP: 14/15 MP: 3/6
   419 | D:1      | Reached skill level 6 in Conjurations
  1073 | D:2      | Found a shimmering blue altar of Sif Muna.
  1149 | D:2      | Reached XP level 3. HP: 19/19 MP: 7/7
  2162 | D:3      | Killed from afar by an orc priest

Illustrated notes

Levels and vault maps discovered:
D:1:      dpeg_arrival_pits, layout_basic, shapermc_ecumenical_altar_flowoftime,
          nicolae_figureground_sparkle
D:2:      layout_loops_ring, basic_altar
D:3:      layout_loops_ring, serial_co_window_serial, co_window_corner_a,
          co_window_corner_a, co_window_paths_a, co_window_of_opportunity_a,
          co_window_corner_a, co_window_of_opportunity_c, co_window_2corner,
          co_window_unsneaky_path_b, co_window_unsneaky_path_e,
          co_window_paths_d, glass_columns_c, glass_columns_a, glass_columns_b,
          glass_columns_a, uniq_ijyb, uniq_robin, uniq_terence

Skill      XL: |  1  2 |
---------------+-------+-----
Conjurations   | 6 |  6.6
Fighting       | |  0.2
Dodging        | |  2.5
Stealth        | |  2.0
Spellcasting   | |  2.2

Action                   || total
-------------------------++-------
Melee: Dagger            ||    39
       Kick              ||    11
       Peck              ||     9
       Unarmed           ||     5
       Punch             ||     1
 Cast: Magic Dart        ||    58
Armor: Robe              ||     4
Dodge: Dodged            ||    25
